 Dungeon Crawl Stone Soup version 0.32-a0-996-gb3226c233f (webtiles) character file.

Game seed: 2861870651609725567

26385 jasper the Brawler (level 12, -7/97 HPs)
             Began as a Demonspawn Fighter on Apr 23, 2024.
             Was a High Priest of Wu Jian.
             Killed from afar by an oklob plant (12 damage)
             ... with a splash of acid
             ... on level 3 of the Lair of Beasts.
             The game lasted 00:23:13 (14395 turns).

jasper the Brawler (Demonspawn Fighter)            Turns: 14395, Time: 00:23:13

Health: -7/97      AC: 12    Str: 29    XL:     12   Next: 97%
Magic:  12/12      EV: 35    Int:  9    God:    Wu Jian [*****.]
Gold:   868        SH:  0    Dex: 14    Spells: 11/11 levels left

rFire   . .          .
                       - Unarmed
rCold   . . .        (no shield)
rNeg    . . .        X - +0 acid dragon scales
rPois   +            j - +0 helmet
rElec   +            B - +0 cloak
rCorr   +            (gloves unavailable)
SInv    .            (no boots)
Will    .....        d - amulet of Siamych {Acrobat ^Contam *Slow rElec Str+9}
Stlth   +            q - +5 ring of evasion
HPRegen 0.36/turn    P - ring of poison resistance
MPRegen 0.13/turn

%: slow self (1%), acrobat
@: corroded, sanguine armoured, acrobatic
A: sanguine armour 3, demonic magic 1, demonic touch 3
a: Renounce Religion, Wall Jump, Serpent's Lash, Heavenly Storm


You were on level 3 of the Lair of Beasts.
You worshipped Wu Jian.
Wu Jian was extremely pleased with you.
You visited 3 branches of the dungeon, and saw 16 of its levels.

You collected 868 gold pieces.

Inventory:

Missiles
 g - 119 stones (quivered)
 l - a throwing net
 z - 8 boomerangs
 K - 14 javelins
 N - 2 curare-tipped darts
Armour
 a - a +0 scale mail
 j - a +0 helmet (worn)
 B - a +0 cloak (worn)
 J - a +3 ring mail
 X - +0 acid dragon scales (worn)
Jewellery
 d - the amulet of Siamych (around neck) {Acrobat ^Contam *Slow rElec Str+9}
   (You found it on level 4 of the Lair of Beasts)

   [amulet of the acrobat]

   Acrobat:   It increases your evasion while moving and waiting.
   Str+9:     It affects your strength (+9).
   rElec:     It insulates you from electricity.
   ^Contam:   It causes magical contamination when unequipped.
   *Slow:     It may slow you when you take damage.
 q - a +5 ring of evasion (left hand)
 s - a ring of protection from fire
 w - an amulet of magic regeneration
 y - a ring of flight
 G - a ring of see invisible
 M - a ring of fire
 O - a +6 ring of strength
 P - a ring of poison resistance (right hand)
 Q - an amulet of guardian spirit
 S - an amulet of regeneration
Talismans
 C - a blade talisman
Wands
 c - a wand of warping (28)
 k - a wand of flame (20)
 o - a wand of quicksilver (2)
 x - a wand of charming (20)
 V - a wand of polymorph (5)
 W - a wand of mindburst (15)
Scrolls
 b - a scroll of vulnerability
 e - 2 scrolls of fog
 n - 3 scrolls of enchant armour
 u - 3 scrolls of noise
 v - 4 scrolls of teleportation
 I - a scroll of silence
 T - 2 scrolls of revelation
Potions
 f - a potion of might
 h - 2 potions of heal wounds
 m - 3 potions of attraction
 p - 4 potions of enlightenment
 r - a potion of resistance
 t - a potion of berserk rage
 A - a potion of ambrosia
 D - 2 potions of curing
 E - a potion of magic
 H - a potion of invisibility
 L - 2 potions of mutation
 R - a potion of brilliance
 U - 2 potions of lignification
 Y - a potion of haste {unknown}
Miscellaneous
 Z - a condenser vane


   Skills:
 - Level 10.0 Fighting
 - Level 5.9 Armour
 + Level 9.1 Dodging
 - Level 3.6 Shields
 - Level 15.0 Unarmed Combat


You had 11 spell levels left.
You didn't know any spells.
Your spell library contained the following spells:

 Spells                   Type           Power      Damage    Failure   Level
 Apportation              Tloc           0%         N/A       43%         1
 Sandblast                Erth           0%         2d4       43%         1
 Sting                    Conj/Alch      0%         1d3       43%         1
 Ensorcelled Hibernation  Hex/Ice        0%         N/A       58%         2
 Jinxbite                 Hex            0%         N/A       58%         2
 Mercury Vapours          Alch/Air       0%         N/A       58%         2
 Fugue of the Fallen      Necr           0%         N/A       82%         3
 Inner Flame              Hex/Fire       0%         N/A       82%         3
 Passwall                 Erth           0%         N/A       82%         3
 Stone Arrow              Conj/Erth      0%         3d7       82%         3
 Anguish                  Hex/Necr       0%         N/A       99%         4
 Flame Wave               Conj/Fire      0%         2d4       99%         4
 Leda's Liquefaction      Alch/Erth      0%         N/A       99%         4
 Olgreb's Toxic Radiance  Alch           0%         N/A       99%         4
 Sticky Flame             Fire/Alch      0%         2d4       99%         4
 Alistair's Intoxication  Alch           0%         N/A       100%        5
 Iskenderun's Battlesphe  Conj           0%         2d6       100%        5
 Lee's Rapid Deconstruct  Erth           0%         3d4*      100%        5
 Bombard                  Conj/Erth      0%         9d1       100%        6
 Permafrost Eruption      Ice/Erth       0%         2x4d1     100%        6
 Spellforged Servitor     Conj/Summ      0%         N/A       100%        7


Dungeon Overview and Level Annotations

Branches:
Dungeon (11/15)            Temple (1/1) D:5            Lair (4/5) D:11
 Shoals (0/4) Lair:3        Slime (0/5) Lair:4          Orc (0/2) D:11
  Snake: Lair:2-3    Spider: Lair:2-3

Altars:
Ashenzari
Cheibriados
Dithmenos
Fedhas
Gozag
Hepliaklqana
Kikubaaqudgha
Makhleb
Nemelex Xobeh
Okawaru
Qazlal
Ru
Sif Muna
Trog
Uskayaw
Vehumet
Wu Jian
Xom
Yredelemnul

Shops:
D:9 [

Portals:
Trove: D:11 (give +3 shadow dragon scales)

Annotations:
D:7 2 transporters
Lair:1 exclusion: oklob plant
Lair:3 exclusion: 2 oklob plants
Lair:4 1 runed translucent door


Innate Abilities, Weirdness & Mutations

When seriously injured, your blood forms very thick armour. (AC +12)
Spells you cast may paralyse adjacent enemies.
Your touch may irresistibly damage your foes and sap their willpower.


Message History

The oklob plant spits acid at you. The splash of acid hits you. You resist.
You see here a sack of spiders.
You take 3 damage, and have 46/97 hp.
You spin and attack the oklob plant.
You hit the oklob plant.
The oklob plant is severely damaged.
You spin and attack the oklob plant.
You hit the oklob plant.
The oklob plant is almost destroyed.
The oklob plant spits acid at you. The splash of acid hits you! You resist.
The oklob plant spits acid at you. The splash of acid hits you! You resist.
* * * LOW HITPOINT WARNING * * *
The acid corrodes you!
You take 23 damage, and have 23/97 hp.
MASSIVE DAMAGE!!
You spin and attack the oklob plant repeatedly.
You hit the oklob plant but do no damage.
The oklob plant is severely damaged.
You hit the oklob plant.
The oklob plant is almost destroyed.
You spin and attack the oklob plant.
You hit the oklob plant but do no damage.
You punch the oklob plant.
You destroy the oklob plant!
The Council accepts your kill. The oklob plant spits acid at you.
The splash of acid hits you! You resist.
* * * LOW HITPOINT WARNING * * *
The oklob plant spits acid at you. The splash of acid hits you! You resist.
* * * LOW HITPOINT WARNING * * *
The acid corrodes you!
You see here a sack of spiders.
You take 18 damage, and have 5/97 hp.
Blink to where?
Press: ? - help, Dir - move target
As you read the scroll of blinking, it crumbles to dust.
The oklob plant spits acid at you. The splash of acid hits you! You resist.
You die...

##......#.P..#...÷..#.#...# #
##.P.........÷÷[..#.#..... #
#.........#.....######... ##
######.#...##.### ##.. .####
###..##### ### ..#.# ##.# ##..
...## #..# ###... ..÷.### #.P#
##.#... ......######
###@.#########P.....
##..>.#..#.###......#.#.#.#P....#
#.........#...........)...PP.##.
###.#........................###
##..†.....................##
#####.P##.......###..#####
######.....## ##.# #P...P# ###
#.§$..#


You could see 2 oklob plants.

Vanquished Creatures
  An ice dragon (Lair:4)
  2 hydras (Lair:3)
  Erica (Lair:1)
  Maurice (D:10)
  3 oklob plants (Lair:3)
  A manticore (Lair:3)
  2 cyclopes (D:11)
  6 elephants (Lair:3)
  4 black mambas
  5 cane toads
  3 kobold demonologists (D:9)
  2 rime drakes
  4 komodo dragons
  5 polar bears
  A hornet (D:8)
  3 blink frogs (Lair:4)
  Prince Ribbit (D:5)
  A wind drake (Lair:3)
  A water elemental (D:11)
  Sigmund (D:5)
  3 wraiths
  20 yaks
  4 wyverns
  A steam dragon (D:9)
  2 basilisks
  4 vampire mosquitoes (D:11)
  Menkaure (D:5)
  Edmund (D:6)
  Duvessa (D:6)
  13 water moccasins
  An acid dragon (D:11)
  8 black bears
  2 orc warriors
  An ice beast (D:3)
  3 ogres
  7 centaurs
  4 phantoms
  8 kobold brigands
  15 bullfrogs
  2 scorpions
  4 wights (D:9)
  3 troll zombies (D:11)
  Dowan (D:6)
  4 killer bees (D:10)
  8 hounds
  2 jellies
  6 orc priests
  A sleepcap (D:5)
  Jessica (D:2)
  Terence (D:3)
  3 iguanas
  3 orc wizards
  4 hell rats (Lair:4)
  5 ogre zombies (D:11)
  Robin (D:2)
  5 adders
  8 gnolls
  A shadow imp (D:6)
  2 ufetubi (D:6)
  4 dart slugs
  2 ribbon worms (D:4)
  27 orcs
  5 ball pythons
  4 bats
  5 endoplasms
  5 giant cockroaches
  15 goblins
  12 hobgoblins
  5 jackals
  34 kobolds
  4 quokkas
  7 frilled lizards
  2 gnoll skeletons (D:11)
  4 gnoll zombies (D:11)
  6 orc skeletons (D:11)
  13 orc zombies (D:11)
  5 rats
371 creatures vanquished.

Notes
Turn   | Place    | Note
-------+----------+-------------------------------------------
     0 | D:1      | jasper the Demonspawn Fighter began the quest for the Orb.
     0 | D:1      | Reached XP level 1. HP: 18/18 MP: 1/1
    48 | D:1      | Reached skill level 2 in Unarmed Combat
    74 | D:1      | Gained mutation: When seriously injured, your blood forms
                  | armour. (AC +12) [demonic ancestry]
    74 | D:1      | Reached XP level 2. HP: 24/24 MP: 2/2
   489 | D:1      | Reached XP level 3. HP: 22/29 MP: 3/3
   735 | D:2      | Noticed Robin
   742 | D:2      | Reached skill level 1 in Dodging
   751 | D:2      | Killed Robin
   838 | D:2      | Noticed Jessica
   857 | D:2      | Killed Jessica
   858 | D:2      | Reached XP level 4. HP: 31/35 MP: 4/4
   918 | D:2      | Reached skill level 3 in Unarmed Combat
  1610 | D:3      | Noticed an ice beast
  1621 | D:3      | Killed an ice beast
  1622 | D:3      | Gained mutation: When seriously injured, your blood forms
                  | thick armour. (AC +12) [demonic ancestry]
  1622 | D:3      | Reached XP level 5. HP: 34/42 MP: 5/5
  1633 | D:3      | Noticed Terence
  1640 | D:3      | Killed Terence
  1713 | D:3      | Found a faded altar of an unknown god.
  2103 | D:3      | Gained mutation: Your touch may inflict minor irresistible
                  | damage on your foes. [demonic ancestry]
  2103 | D:3      | Reached XP level 6. HP: 46/48 MP: 6/6
  2348 | D:4      | Reached skill level 4 in Unarmed Combat
  2572 | D:4      | Found a hide-covered altar of Uskayaw.
  2572 | D:4      | Found a shimmering altar of Xom.
  2573 | D:4      | Found a radiant altar of Vehumet.
  2791 | D:5      | Entered Level 5 of the Dungeon
  2880 | D:5      | Found a broken altar of Ashenzari.
  2880 | D:5      | Noticed an orc warrior
  2895 | D:5      | Killed an orc warrior
  2896 | D:5      | Gained mutation: When seriously injured, your blood forms
                  | very thick armour. (AC +12) [demonic ancestry]
  2896 | D:5      | Reached XP level 7. HP: 55/55 MP: 7/7
  2917 | D:5      | Reached skill level 5 in Unarmed Combat
  3209 | D:5      | Reached skill level 5 in Fighting
  3358 | D:5      | Reached skill level 6 in Unarmed Combat
  3358 | D:5      | Reached XP level 8. HP: 39/62 MP: 8/8
  3438 | D:5      | Noticed Sigmund
  3449 | D:5      | Killed Sigmund
  3671 | D:5      | Noticed Prince Ribbit
  3698 | D:5      | Killed Prince Ribbit
  3812 | D:5      | Found a sparkling altar of Nemelex Xobeh.
  3827 | D:5      | Found a shimmering blue altar of Sif Muna.
  3918 | D:5      | Reached skill level 7 in Unarmed Combat
  4084 | D:5      | Noticed Menkaure
  4090 | D:5      | Killed Menkaure
  4091 | D:5      | Found a staircase to the Ecumenical Temple.
  4100 | Temple   | Entered the Ecumenical Temple
  4161 | Temple   | Became a worshipper of the Wu Jian Council
  4679 | D:6      | Reached skill level 5 in Dodging
  4718 | D:6      | Gained mutation: Your touch may inflict irresistible damage
                  | on your foes. [demonic ancestry]
  4718 | D:6      | Reached XP level 9. HP: 61/71 MP: 9/9
  4851 | D:6      | Noticed Dowan
  4875 | D:6      | Killed Dowan
  4881 | D:6      | Noticed Duvessa
  4892 | D:6      | Killed Duvessa
  4969 | D:6      | Noticed Edmund
  4973 | D:6      | Reached skill level 8 in Unarmed Combat
  4993 | D:6      | Killed Edmund
  5115 | D:6      | Reached * piety under Wu Jian
  5273 | D:6      | Found an opulent altar of Gozag.
  5536 | D:7      | Found a sacrificial altar of Ru.
  5537 | D:7      | Found a transporter.
  5562 | D:7      | Noticed a troll
  5934 | D:7      | Found a blossoming altar of Fedhas.
  5944 | D:7      | Found a transporter.
  6662 | D:8      | Reached skill level 9 in Unarmed Combat
  7076 | D:8      | Gained mutation: Spells you cast may paralyse adjacent
                  | enemies. [demonic ancestry]
  7076 | D:8      | Reached XP level 10. HP: 80/80 MP: 10/10
  7233 | D:9      | Found Wyschu Gautu's Antique Armour Emporium.
  7325 | D:9      | Reached ** piety under Wu Jian
  7525 | D:9      | Reached skill level 10 in Unarmed Combat
  8319 | D:9      | Noticed a sun demon
  8320 | D:9      | Noticed a rust devil
  8326 | D:9      | Noticed a rust devil
  8700 | D:10     | Entered Level 10 of the Dungeon
  9049 | D:10     | Noticed Maurice
  9063 | D:10     | Killed Maurice
  9485 | D:10     | Noticed a two-headed ogre
  9688 | D:11     | Identified the +7 flail "Emacloss" {protect, Str+4}
  9691 | D:11     | Found a staircase to the Lair.
  9692 | D:11     | Gained mutation: Your touch may irresistibly damage your
                  | foes and sap their willpower. [demonic ancestry]
  9692 | D:11     | Reached XP level 11. HP: 87/87 MP: 11/11
  9704 | D:11     | Reached *** piety under Wu Jian
  9706 | D:11     | Reached skill level 11 in Unarmed Combat
 10022 | D:11     | Found a portal to a secret trove of treasure.
 10092 | D:11     | Found a staircase to the Orcish Mines.
 10119 | D:11     | Reached **** piety under Wu Jian
 10812 | Lair:1   | Entered Level 1 of the Lair of Beasts
 10877 | Lair:1   | Reached skill level 5 in Armour
 11025 | Lair:1   | Found a blossoming altar of Fedhas.
 11038 | Lair:1   | Noticed an oklob plant
 11087 | Lair:1   | Noticed Erica
 11097 | Lair:1   | Killed Erica
 11868 | Lair:2   | Reached skill level 12 in Unarmed Combat
 11868 | Lair:2   | You fall into a shaft and drop 1 floor!
 12022 | Lair:3   | Found a staircase to the Shoals.
 12058 | Lair:4   | Reached XP level 12. HP: 20/97 MP: 1/12
 12062 | Lair:4   | Reached skill level 10 in Fighting
 12466 | Lair:4   | Reached ***** piety under Wu Jian
 12534 | Lair:4   | Found a runed translucent door.
 12538 | Lair:4   | Noticed an azure jelly
 12538 | Lair:4   | Noticed an azure jelly
 12539 | Lair:4   | Found a staircase to the Slime Pits.
 12822 | Lair:4   | Reached skill level 13 in Unarmed Combat
 12890 | Lair:4   | Noticed an ice dragon
 12920 | Lair:4   | Killed an ice dragon
 13095 | Lair:4   | Identified the +6 orcbow of Unreason {antimagic, Str+2}
 13096 | Lair:4   | Identified the amulet of Siamych {Acrobat ^Contam *Slow
                  | rElec Str+9}
 13644 | Lair:3   | Reached skill level 14 in Unarmed Combat
 13869 | Lair:3   | Noticed a six-headed hydra
 13892 | Lair:3   | Killed a six-headed hydra
 14115 | Lair:3   | Noticed a six-headed hydra
 14126 | Lair:3   | Killed a six-headed hydra
 14130 | Lair:3   | Reached skill level 15 in Unarmed Combat
 14395 | Lair:3   | Killed from afar by an oklob plant

Illustrated notes

Levels and vault maps discovered:
D:1:      evilmike_arrival_hilbert_curve, layout_basic, minmay_pentomino_p2
D:2:      minmay_spotlight, layout_rooms, nrook_mini_backslash,
          kennysheep_generic_room_9, uniq_jessica, uniq_robin
D:3:      layout_loops_ring, chequers_ecumenical_altar_lobes, uniq_terence
D:4:      layout_cave_pools, gammafunk_temple_overflow_claw,
          corexii_leaking_fountain
D:5:      layout_cave_pods, nicolae_overflow_quartered_altars,
          minmay_temple_entry_nine_rooms, uniq_sigmund, uniq_prince_ribbit1,
          uniq_menkaure
D:6:      layout_basic, lemuel_crystal_altar, kennysheep_cross_room,
          uniq_edmund, uniq_duvessa
D:7:      layout_basic, gammafunk_temple_overflow_arena, lemuel_tele_altar
D:8:      layout_cave_pods, st_stairs_14
D:9:      layout_basic, serial_shops, nicolae_square_shop, serial_corexii_hall,
          corexii_hall_statues_t, corexii_hall_statues_l,
          chequers_hall_statues_corner_a, corexii_hall_statues_deadend,
          due_unseen_surprise
D:10:     layout_grid_maze, uniq_joseph, uniq_maurice
D:11:     layout_big_octagon, minmay_lair_entry_grove, zombieorc2_lemuel,
          enter_trove_3, hive_lemuel
Temple:   minmay_temple_bridge_abc
Lair:1:   layout_small_grid, tgw_fedhas, uniq_erica
Lair:2:   layout_chaotic_city, minmay_snake_entry_guardpost_small,
          infiniplex_staircase_pool, grunt_megastairs_1, uniq_urug
Lair:3:   minmay_lair_oklob_chamber, layout_concentric_octagons,
          minmay_shoals_entry_beasts
Lair:4:   dragon1_lemuel, layout_regular_city, slime_entry_2,
          nicolae_lair_lil_pond

Skill      XL: |  1  2  3  4  5  6  7  8  9 10 11 12 |
---------------+-------------------------------------+-----
Unarmed Combat | 2 3 4 6 7 9 10 12 15 | 15.0
Dodging        | 1 2 3 5 6 7 8 9 |  9.1
Shields        | 3 |  3.6
Fighting       | 4 5 6 7 8 9 10 | 10.0
Armour         | 4 5 |  5.9

Action                     |  1- 3 |  4- 6 |  7- 9 | 10-12 || total
---------------------------+-------+-------+-------+-------++-------
  Melee: Unarmed           |   131 |   184 |   267 |   838 ||  1420
         Touch             |       |    10 |    47 |   158 ||   215
         Punch             |       |     2 |    10 |    62 ||    74
  Throw: Stone             |       |    10 |       |       ||    10
 Invoke: Serpent's Lash    |       |       |       |     2 ||     2
Ability: Lunge             |       |       |    17 |    65 ||    82
         Begin Untransform |       |       |     1 |       ||     1
         Whirlwind         |       |       |     2 |   285 ||   287
         Wall Jump         |       |       |       |     2 ||     2
  Evoke: Wand              |       |     4 |    16 |     8 ||    28
    Use: Scroll            |     5 |     5 |     5 |    13 ||    28
         Potion            |       |     1 |       |     4 ||     5
 Armour: Scale mail        |    36 |       |       |       ||    36
         Ring mail         |    35 |    81 |   117 |   367 ||   600
         Acid dragon scale |       |       |       |    14 ||    14
  Dodge: Dodged            |    40 |    78 |   155 |   605 ||   878
  Block: Buckler           |    21 |    20 |       |       ||    41
   Form: Blade             |       |       |     1 |       ||     1

Table legend: (Time is in decaauts)
 A = Elapsed time spent in this place.
 B = Non-inter-level travel time spent in this place.
 C = Inter-level travel time spent in this place.
 D = Time resting spent in this place.
 E = Time spent auto-exploring this place.
 F = Levels seen in this place.
 G = Mean time per level.
                   A        B        C        D        E       F      G
               +--------+--------+--------+--------+--------+-----+--------+
         Total |  14296 |  13865 |    431 |    657 |  10449 |  16 |  893.5 |
       Dungeon |  10651 |  10373 |    278 |    386 |   7838 |  11 |  968.3 |
        Temple |     82 |     42 |     40 |      0 |     40 |   1 |   82.0 |
          Lair |   3562 |   3450 |    112 |    271 |   2571 |   4 |  890.5 |
               +--------+--------+--------+--------+--------+-----+--------+

Top non-repeatable levels by time:
     D:5: 1524 daAuts
     D:9: 1438 daAuts
  Lair:4: 1399 daAuts
    D:11: 1246 daAuts
  Lair:3: 1097 daAuts
     D:6: 1050 daAuts
  Lair:1: 999 daAuts
     D:8: 946 daAuts
     D:3: 861 daAuts
    D:10: 855 daAuts
     D:7: 746 daAuts
     D:1: 733 daAuts
     D:2: 637 daAuts
     D:4: 610 daAuts
  Temple: 82 daAuts
